AoeStats
← Yorshka

Arabia

507659971Analyzed
1v1 RM · 14d ago on Sep 19, 2026· 16m 35s· 2 players
Game mode
Random Map
Map size
Tiny (2 player)
Population
200
Speed
Normal
Resources
Standard
Victory
Conquest
Starting age
Dark Age
Ending age
Imperial Age
RankedLock teamsTeams togetherTeam positionsShared explorationLock speedFull tech treeHidden civsTurbo modeCheats
Victory
Defeat
2011
+17
🇨🇳 Gurjaras · China
2025
-17
14' screen laptop kboard & wifi
8:30 Loom
11:01 Feudal Age
11:05 Man-at-Arms
11:31 Double-Bit Axe
Yorshka
7:30 Loom
10:09 Feudal Age
10:51 Double-Bit Axe
12:09 Horse Collar
12:56 Town Watch
Connection lost

Rejoining the realm…

Still unreachable

The connection could not be restored.

Session expired

The server has moved on; the page needs a fresh start.